cohdb
Replays
Latest Replays
All Replays
Popular Replays
Top Player Replays
Match Explorer
How It Works
Community
CoH3 Stats
Reddit
Sign in to upload your games and track your stats! →
Sign in with Steam
Match 38805297
Unlisted
Match 38805297
Overview
Messages
Build Orders
End
Construct Barracks
Selects Armored Battlegroup
Selects Veteran Crews
Riflemen Squad
Riflemen Squad
1⁄4-ton 4x4 Truck
Air Support Center
Construct Weapon Support Center
M1919 Machine Gun Team
Grasshopper Recon Run
Construct Motor Pool
Selects Fast Deploy
M3 Armored Personnel Carrier
M1918 Browning Automatic Rifles
P-47 Strafing Run
M8 Greyhound Armored Car
P-47 Dive Bomb
M1 Anti-tank Gun Team
Engineer Squad
P-47 Strafing Run
M24 Chaffee Light Tank
Selects Field Repairs
Selects War Machine
Riflemen Squad
A_Smoove
SovietBuffalo
Killervirus
william
0
0
Comments
sign in to comment!
No comments posted yet!